 Dungeon Crawl Stone Soup version 0.22-a0-512-g0943f25 (webtiles) character file.

39 KristoblXynda the Magician (level 3, -3/31 HPs)
             Began as a Troll Wizard on June 16, 2018.
             Slain by an adder (4 damage)
             ... on level 2 of the Dungeon on June 18, 2018.
             The game lasted 00:02:06 (1170 turns).

KristoblXynda the Magician (Troll Wizard)           Turns: 1170, Time: 00:02:08

Health: -3/31      AC:  5    Str: 15    XL:     3   Next: 26%
Magic:  5/5        EV:  9    Int: 15    God:
Gold:   64         SH:  0    Dex:  8    Spells: 5/6 levels left

rFire    . . .     SeeInvis .     - Unarmed
rCold    . . .     Gourm    +   (no shield)
rNeg     . . .     Faith    .   a - +0 robe
rPois    .         Spirit   .   b - +0 hat
rElec    .         Reflect  .   (no cloak)
rCorr    .         Harm     .   (gloves unavailable)
MR       .....                  (boots unavailable)
Stlth    +.........             (no amulet)
HPRegen  0.50/turn              (no ring)
MPRegen  0.09/turn              (no ring)

@: lethally poisoned (-3 -> -3)
A: large, unfitting armour, claws 3, fast metabolism 3, gourmand, regeneration
1, shaggy fur 1, tough skin 2
a: no special abilities


You were on level 2 of the Dungeon.
You were completely stuffed.

You visited 1 branch of the dungeon, and saw 2 of its levels.

You collected 64 gold pieces.

Inventory:

Armour
 a - a +0 robe (worn)
 b - a +0 hat (worn)
Scrolls
 c - a scroll of teleportation {unknown}
 e - a scroll of remove curse {unknown}
 h - a scroll of random uselessness {unknown}
 i - a scroll of identify {unknown}
Potions
 f - a potion of flight {unknown}
 g - a potion of haste {unknown}
 j - a potion of degeneration {unknown}
Comestibles
 d - 4 rations
 k - a chunk of flesh


   Skills:
 - Level 1.5 Dodging
 - Level 1.0 Stealth
 + Level 2.0 Unarmed Combat
 - Level 2.0 Spellcasting
 + Level 1.7 Conjurations
   Level 0.6 Summonings
   Level 0.6 Translocations


You had 5 spell levels left.
You knew the following spells:

 Your Spells              Type           Power        Failure   Level  Hunger
a - Magic Dart            Conj           #...         11%         1    #......

Your spell library contained the following spells:

 Spells                   Type           Power        Failure   Level  Hunger
 Conjure Flame            Conj/Fire      #.......     43%         3    ###....
 Slow                     Hex            #.......     32%         2    ###....
 Mephitic Cloud           Conj/Pois/Air  #.......     47%         3    ###....
 Blink                    Tloc           N/A          26%         2    ###....
 Call Imp                 Summ           #.......     26%         2    ###....


Dungeon Overview and Level Annotations

Branches:
Dungeon (2/15)

Altars:


Innate Abilities, Weirdness & Mutations

You are too large for most types of armour.
You have claws for hands.
Your metabolism is lightning-fast.
You like to eat raw meat.
Your natural rate of healing is unusually fast.
You are covered in fur. (AC +1)
You have very tough skin. (AC +2)


Message History

You feel sick. The adder bites you. The worm bites you.
You barely miss the adder.
The adder is severely wounded.
The adder bites you. The adder bites you but does no damage.
The worm bites you!
You scratch the adder.
The adder is almost dead.
The adder completely misses you.
You scratch the adder.
The adder is almost dead.
The adder barely misses you. The worm closely misses you.
You closely miss the adder.
The adder is almost dead.
You feel sick. The adder bites you. The adder barely misses you.
You scratch the adder but do no damage.
The adder is almost dead.
The worm bites you!
* * * LOW HITPOINT WARNING * * *
The adder bites you.
You die...

#.........# #.###
#####.##### #.# #.#
##+## #.### ##...##
#...# ##.....##
###.## ##.......#
##...####........#..
#.......'...........
#.......#...@S.....#
#.#.###.##...w....##
#...# #.###....$###
#.#.# #.# ##...##
#.###. #.. ....# ##
... ##..# ##.# ..#
.# ..# .#


You could see a worm and an adder.

Vanquished Creatures
  An adder (D:2)
  A giant cockroach (D:1)
  3 goblins
  5 hobgoblins (D:1)
  3 jackals (D:1)
  4 bats
  3 frilled lizards
  5 kobolds (D:1)
  2 rats
27 creatures vanquished.

Notes
Turn   | Place    | Note
-------+----------+-------------------------------------------
     0 | D:1      | KristoblXynda the Troll Wizard began the quest for the Orb.
     0 | D:1      | Reached XP level 1. HP: 16/16 MP: 2/2
     0 | D:1      | Upgraded the game from 0.22-a0-480-g991dd4b to 0.22-a0-512-g0943f25
   139 | D:1      | Reached skill level 1 in Conjurations
   182 | D:1      | Reached skill level 1 in Unarmed Combat
   212 | D:1      | Reached XP level 2. HP: 24/24 MP: 4/4
  1006 | D:2      | Reached XP level 3. HP: 31/31 MP: 5/5
  1170 | D:2      | HP: 1/31 [worm (11)]
  1170 | D:2      | Slain by an adder

Vault maps used:
D:1:      minmay_arrival_widening_spiral_wide, hangedman_abyss_or_decor_stabs
D:2:      hangedman_glass_teeth, uniq_robin, uniq_crazy_yiuf_cottage

Skill      XL: |  1  2  3 |
---------------+----------+-----
Conjurations   | 1 |  1.7
Unarmed Combat | 1 2 |  2.0
Dodging        | |  1.5
Stealth        | |  1.0
Spellcasting   | |  2.0
Summonings     | |  0.6
Translocations | |  0.6

Action                   || total
-------------------------++-------
Melee: Unarmed           ||   113
 Stab: Sleeping          ||     1
  Eat: Chunk             ||    16
Armor: Robe              ||    43
Dodge: Dodged            ||    49

Table legend:
 A = Spawn XP
 B = Non-spawn XP
 C = Spawn XP percentage of total XP
 D = Spawn monster count
 E = Non-spawn monster count
 F = Spawn count percentage of total count
 G = Total turns spent on level
                    A         B        C        D         E        F      G
               +---------+---------+-------+---------+---------+-------+---------
         Total |       0 |      56 |   0.0 |       0 |      27 |   0.0 |  1170
               +---------+---------+-------+---------+---------+-------+---------
           D:1 |       0 |      38 |   0.0 |       0 |      22 |   0.0 |   999
           D:2 |       0 |      18 |   0.0 |       0 |       5 |   0.0 |   171
               +---------+---------+-------+---------+---------+-------+---------
